[Event "DVM U12W 2021"]
[Site "Willingen"]
[Date "2022.08.13"]
[Round "2"]
[White "Schuelke, Rosalie"]
[Black "Striebeck, Liv"]
[Result "1-0"]
[ECO "C78"]
[WhiteElo "1297"]
[BlackElo "1003"]
[Annotator "NA RC COMBH"]
[PlyCount "55"]
[EventDate "2022.08.12"]
[EventType "team-tourn"]
[EventRounds "7"]
[EventCountry "GER"]
[SourceTitle "playchess.com"]
[Source "ChessBase"]
[SourceQuality "1"]
[TimeControl "40/5400+30:1800+30"]

1. e4 e5 2. Nf3 Nc6 3. Bb5 Bd6 4. O-O Nf6 5. Re1 a6 6. Ba4 b5 7. Bb3 O-O 8. c3 Bb7 9. d4 Re8 10. Nbd2 exd4 11. cxd4 Bb4 12. e5 Bxd2 13. Qxd2 Ng4 14. Qd3 Nb4 15. Qf5 Nh6 16. Bxh6 Bd5 17. Bxd5 Nxd5 18. Ng5 Qxg5 19. Qxg5 g6 20. f4 Re7 21. f5 Rae8 22. f6 Re6 23. Bg7 d6 24. Qh6 Nxf6 25. Bxf6 Rxf6 26. exf6 Rxe1+ 27. Rxe1 d5 28. Qg7# 1-0

[Event "DVM U12W 2021"]
[Site "Willingen"]
[Date "2022.08.13"]
[Round "2"]
[White "Mo, Keyou"]
[Black "Leicher, Anna"]
[Result "1-0"]
[ECO "C50"]
[WhiteElo "1264"]
[BlackElo "1252"]
[Annotator "NA RC COMBH"]
[PlyCount "133"]
[EventDate "2022.08.12"]
[EventType "team-tourn"]
[EventRounds "7"]
[EventCountry "GER"]
[SourceTitle "playchess.com"]
[Source "ChessBase"]
[SourceQuality "1"]
[TimeControl "40/5400+30:1800+30"]

1. e4 e5 2. Nf3 Nc6 3. Bc4 Bc5 4. Nc3 Nf6 5. d3 h6 6. h3 O-O 7. Be3 Bb6 8. Qd2 d6 9. O-O-O Re8 10. g4 Nh7 11. g5 Bxe3 12. Qxe3 Nxg5 13. h4 Nxf3 14. Qxf3 Be6 15. Bxe6 Rxe6 16. Nd5 Nd4 17. Qe3 Qd7 18. c3 Nb5 19. a4 c6 20. Nb4 c5 21. Nd5 Nc7 22. f4 Qc6 23. Nxc7 Qxc7 24. f5 Rf6 25. Rhg1 Kh7 26. Qg3 Rg8 27. Kc2 Qd7 28. b3 g6 29. Qg4 b5 30. fxg6+ Rfxg6 31. Qxd7 Rxg1 32. Qxf7+ R8g7 33. Qf5+ Kh8 34. Rxg1 Rxg1 35. Qf2 Ra1 36. Kb2 Rh1 37. Kc2 Ra1 38. Kb2 Rd1 39. Qe2 Rh1 40. axb5 Rxh4 41. Qf2 Rf4 42. Qh2 Kh7 43. c4 Rg4 44. Qh3 Rg6 45. Qd7+ Rg7 46. Qxd6 Rg2+ 47. Kc3 h5 48. Qxe5 Kh6 49. d4 cxd4+ 50. Kxd4 Rg5 51. Qh8+ Kg6 52. c5 Rg4 53. Qg8+ Kh6 54. Qf8+ Kh7 55. c6 h4 56. c7 Rg8 57. Qxg8+ Kxg8 58. c8=Q+ Kg7 59. Qg4+ Kf7 60. Qxh4 Ke6 61. Qh6+ Kd7 62. Ke5 Kc7 63. Kd5 a5 64. Qc6+ Kb8 65. Qd7 a4 66. Kc6 a3 67. Qb7# 1-0

[Event "DVM U12W 2021"]
[Site "Willingen"]
[Date "2022.08.13"]
[Round "2"]
[White "Eger, Nora"]
[Black "Achilles, Rosa"]
[Result "1-0"]
[ECO "A07"]
[WhiteElo "1248"]
[BlackElo "1026"]
[Annotator "NA RC COMBH"]
[PlyCount "131"]
[EventDate "2022.08.12"]
[EventType "team-tourn"]
[EventRounds "7"]
[EventCountry "GER"]
[SourceTitle "playchess.com"]
[Source "ChessBase"]
[SourceQuality "1"]
[TimeControl "40/5400+30:1800+30"]

1. Nf3 Nf6 2. g3 d5 3. Bg2 g6 4. d3 Bg7 5. O-O O-O 6. c4 c6 7. cxd5 cxd5 8. d4 Nc6 9. e3 Bg4 10. Nc3 Ne4 11. Qc2 Nf6 12. a3 Re8 13. Ne5 Bf5 14. Nxc6 bxc6 15. Qd2 e5 16. Re1 Bh6 17. Qd1 e4 18. Bd2 Nd7 19. Rc1 Be6 20. Na4 Bf8 21. Rxc6 Nf6 22. Rc1 Rb8 23. b4 Rc8 24. Rxc8 Qxc8 25. Qc1 h5 26. Qxc8 Rxc8 27. Nc5 Bf5 28. Rc1 Kh7 29. a4 Nd7 30. a5 Kh6 31. Rb1 g5 32. Nxd7 Bxd7 33. b5 Rb8 34. b6 a6 35. Bf1 Bd6 36. Bxa6 f6 37. Bf1 Bc6 38. a6 g4 39. a7 Ra8 40. b7 Rxa7 41. b8=Q Bxb8 42. Rxb8 Ra1 43. Kg2 Bd7 44. Rd8 Bf5 45. Rxd5 Kg6 46. Bb4 Be6 47. Rd8 Bb3 48. Be2 Kg5 49. d5 h4 50. gxh4+ Kxh4 51. Rh8+ Kg5 52. d6 Ra7 53. Rc8 Ba4 54. Rc5+ f5 55. Bb5 Bxb5 56. Rxb5 Rd7 57. Rb8 Kf6 58. Kg3 Ke6 59. Kf4 Rxd6 60. Bxd6 Kxd6 61. Kxf5 Kc7 62. Re8 Kd7 63. Rxe4 Kd6 64. Kxg4 Kd5 65. Kf5 Kd6 66. h4 1-0

[Event "DVM U12W 2021"]
[Site "Willingen"]
[Date "2022.08.13"]
[Round "2"]
[White "Prokscha, Charlotte"]
[Black "Wagner, Cosima Thien-An"]
[Result "1/2-1/2"]
[WhiteElo "1241"]
[BlackElo "1301"]
[Annotator "NA RC COMBH"]
[PlyCount "22"]
[EventDate "2022.08.12"]
[EventType "team-tourn"]
[EventRounds "7"]
[EventCountry "GER"]
[SourceTitle "playchess.com"]
[Source "ChessBase"]
[SourceQuality "1"]
[TimeControl "40/5400+30:1800+30"]

1. c4 g6 2. Nc3 Bg7 3. Nf3 Nf6 4. d3 d5 5. g3 dxc4 6. dxc4 Qxd1+ 7. Nxd1 Ne4 8. Rb1 Bf5 9. Ne3 Nxg3 10. Nxf5 Nxf5 11. Bf4 Nd6 1/2-1/2

[Event "DVM U12W 2021"]
[Site "Willingen"]
[Date "2022.08.13"]
[Round "2"]
[White "Mersmann, Jasmin"]
[Black "Abram, Kristina-Maria"]
[Result "1/2-1/2"]
[ECO "B01"]
[WhiteElo "1232"]
[BlackElo "1128"]
[Annotator "NA RC COMBH"]
[PlyCount "80"]
[EventDate "2022.08.12"]
[EventType "team-tourn"]
[EventRounds "7"]
[EventCountry "GER"]
[SourceTitle "playchess.com"]
[Source "ChessBase"]
[SourceQuality "1"]
[TimeControl "40/5400+30:1800+30"]

1. e4 d5 2. exd5 Qxd5 3. Nc3 Qa5 4. d4 c6 5. Nf3 Bf5 6. Bf4 Nf6 7. Bc4 Ne4 8. O-O Nxc3 9. bxc3 Qxc3 10. Ne5 e6 11. Bb3 Bd6 12. Rb1 f6 13. Nd3 Qxd4 14. Be3 Qh4 15. h3 Nd7 16. Re1 O-O 17. Nb2 Qb4 18. Nc4 Bxc2 19. Bxc2 Qxc4 20. Qxd6 Qxc2 21. Qxd7 Qxa2 22. Qxb7 Rfb8 23. Ra1 Qxa1 24. Qxb8+ Rxb8 25. Rxa1 Ra8 26. Rxa7 Rxa7 27. Bxa7 Kf7 28. Kh2 Ke7 29. Kg3 Kd6 30. Kg4 c5 31. Kf3 c4 32. Ke2 Kd5 33. Kd2 e5 34. Be3 f5 35. f4 exf4 36. Bxf4 Ke4 37. g3 h6 38. Kc3 g5 39. Bd2 Kf3 40. h4 Kxg3 1/2-1/2

[Event "DVM U12W 2021"]
[Site "Willingen"]
[Date "2022.08.13"]
[Round "2"]
[White "Hefele, Stefanie"]
[Black "Berger, Jennifer"]
[Result "1/2-1/2"]
[ECO "B00"]
[WhiteElo "1180"]
[BlackElo "1050"]
[Annotator "NA RC COMBH"]
[PlyCount "78"]
[EventDate "2022.08.12"]
[EventType "team-tourn"]
[EventRounds "7"]
[EventCountry "GER"]
[SourceTitle "playchess.com"]
[Source "ChessBase"]
[SourceQuality "1"]
[TimeControl "40/5400+30:1800+30"]

1. e4 Nc6 2. d4 d5 3. e5 Bf5 4. Nf3 e6 5. Bb5 a6 6. Bd3 Bg4 7. Be2 Nh6 8. h3 Bh5 9. O-O Nf5 10. g4 Bxg4 11. hxg4 Nh6 12. g5 Nf5 13. Nc3 h6 14. Bf4 hxg5 15. Bxg5 f6 16. exf6 gxf6 17. Bf4 Bd6 18. Bxd6 Qxd6 19. Kg2 O-O-O 20. Rg1 Rdg8+ 21. Kf1 e5 22. Qd3 e4 23. Nxe4 dxe4 24. Qxe4 Nfxd4 25. Rxg8+ Rxg8 26. Rd1 Rd8 27. Rd3 Qc5 28. c3 Nxf3 29. Qxf3 Qg5 30. Rxd8+ Kxd8 31. Bxa6 Ne5 32. Qxb7 Qc1+ 33. Kg2 Qg5+ 34. Kf1 Qc1+ 35. Ke2 Qc2+ 36. Ke3 Qc1+ 37. Kd4 Qd1+ 38. Kc5 Qd6+ 39. Kb5 Qd7+ 1/2-1/2

[Event "DVM U12W 2021"]
[Site "Willingen"]
[Date "2022.08.13"]
[Round "2"]
[White "Brandt, Clara"]
[Black "Christiansen, Jana-Marie"]
[Result "1-0"]
[ECO "A25"]
[WhiteElo "1161"]
[BlackElo "1120"]
[Annotator "NA RC COMBH"]
[PlyCount "133"]
[EventDate "2022.08.12"]
[EventType "team-tourn"]
[EventRounds "7"]
[EventCountry "GER"]
[SourceTitle "playchess.com"]
[Source "ChessBase"]
[SourceQuality "1"]
[TimeControl "40/5400+30:1800+30"]

1. c4 e5 2. Nc3 Nf6 3. g3 Bc5 4. e3 Nc6 5. Bg2 d6 6. Nge2 Be6 7. d4 exd4 8. exd4 Bxc4 9. dxc5 dxc5 10. Qxd8+ Rxd8 11. Be3 Nb4 12. O-O b6 13. a3 Nc2 14. Rac1 Nxe3 15. fxe3 Rd2 16. Bc6+ Ke7 17. Rfe1 Rxb2 18. Nf4 Rd8 19. Rcd1 Rdd2 20. Rxd2 Rxd2 21. Rc1 Ng4 22. Ne4 Nxe3 23. Nxd2 Be6 24. Nxe6 fxe6 25. Ra1 Nc2 26. Ra2 Nd4 27. Be4 Ne2+ 28. Kf2 Nc3 29. Ra1 h6 30. a4 Kd6 31. Ke3 Ke5 32. Nc4+ Kf6 33. Rf1+ Ke7 34. Bg6 Nxa4 35. Rf7+ Kd8 36. Ne5 Kc8 37. Be4 Kd8 38. Nc6+ Kc8 39. Rxg7 c4 40. Kd2 c3+ 41. Kc2 a6 42. Rh7 b5 43. h4 Kb7 44. Rxh6 Kb6 45. g4 a5 46. g5 b4 47. g6 Nc5 48. g7 Nxe4 49. g8=Q Kxc6 50. Qxe6+ Nd6 51. Qc4+ Kb6 52. Re6 Kb7 53. Rxd6 cxd6 54. Qb5+ Kc8 55. Qxa5 Kd7 56. Qxb4 Ke7 57. Qxc3 Kf7 58. Qc7+ Kg6 59. Qxd6+ Kh5 60. Qh2 Kg4 61. h5 Kg5 62. h6 Kg6 63. h7 Kg7 64. h8=Q+ Kg6 65. Qf2 Kg5 66. Qg8+ Kh6 67. Qh2# 1-0

[Event "DVM U12W 2021"]
[Site "Willingen"]
[Date "2022.08.13"]
[Round "2"]
[White "Kopylov, Diana"]
[Black "Goeb, Franziska"]
[Result "1/2-1/2"]
[ECO "D10"]
[WhiteElo "1108"]
[BlackElo "1285"]
[Annotator "NA RC COMBH"]
[PlyCount "49"]
[EventDate "2022.08.12"]
[EventType "team-tourn"]
[EventRounds "7"]
[EventCountry "GER"]
[SourceTitle "playchess.com"]
[Source "ChessBase"]
[SourceQuality "1"]
[TimeControl "40/5400+30:1800+30"]

1. d4 d5 2. c4 c6 3. cxd5 cxd5 4. Nf3 Nc6 5. Nc3 Bf5 6. Qb3 Nf6 7. Qxb7 Rc8 8. Bf4 Qd7 9. Qxd7+ Bxd7 10. e3 Nb4 11. Rc1 Ne4 12. a3 Nxc3 13. Rxc3 Rxc3 14. bxc3 Nc2+ 15. Kd2 Nxa3 16. Bd3 e6 17. Ra1 Be7 18. Ne1 Bb5 19. Bxb5+ Nxb5 20. Ra5 a6 21. Rxa6 O-O 22. Nd3 Rc8 23. Rb6 Nxc3 24. Rb8 Ne4+ 25. Ke2 1/2-1/2

[Event "DVM U12W 2021"]
[Site "Willingen"]
[Date "2022.08.13"]
[Round "2"]
[White "Sayouf, Rafif"]
[Black "Grey, Paula"]
[Result "1-0"]
[ECO "C50"]
[WhiteElo "1102"]
[BlackElo "854"]
[Annotator "NA RC COMBH"]
[PlyCount "47"]
[EventDate "2022.08.12"]
[EventType "team-tourn"]
[EventRounds "7"]
[EventCountry "GER"]
[SourceTitle "playchess.com"]
[Source "ChessBase"]
[SourceQuality "1"]
[TimeControl "40/5400+30:1800+30"]

1. e4 e5 2. Nf3 Nc6 3. Bc4 Bc5 4. Nc3 Nf6 5. d3 O-O 6. Bg5 d6 7. Nd5 Bg4 8. h3 Bd7 9. Nxf6+ gxf6 10. Bh4 Nd4 11. O-O Kh8 12. c3 Nc6 13. d4 exd4 14. Nxd4 Nxd4 15. cxd4 Bb6 16. e5 Kg8 17. Bxf6 Qe8 18. exd6 cxd6 19. Re1 Qb8 20. Qf3 d5 21. Be5 Qd8 22. Qg3+ Bg4 23. Qxg4+ Qg5 24. Qxg5# 1-0

[Event "DVM U12W 2021"]
[Site "Willingen"]
[Date "2022.08.13"]
[Round "2"]
[White "Kremling, Alamea"]
[Black "Limmer, Maria"]
[Result "1-0"]
[ECO "A48"]
[WhiteElo "1077"]
[BlackElo "767"]
[Annotator "NA RC COMBH"]
[PlyCount "51"]
[EventDate "2022.08.12"]
[EventType "team-tourn"]
[EventRounds "7"]
[EventCountry "GER"]
[SourceTitle "playchess.com"]
[Source "ChessBase"]
[SourceQuality "1"]
[TimeControl "40/5400+30:1800+30"]

1. d4 g6 2. Bf4 Nf6 3. e3 Bg7 4. Nf3 O-O 5. Bd3 d6 6. Nbd2 Nc6 7. O-O Be6 8. a3 Bg4 9. h3 Bxf3 10. Nxf3 Nd5 11. Bg3 Bf6 12. c4 Bg5 13. Nxg5 e6 14. cxd5 Ne7 15. dxe6 fxe6 16. Nxe6 Qe8 17. Nxf8 Qxf8 18. f4 Re8 19. Qg4 Nd5 20. Bc4 Kh8 21. Bxd5 Rxe3 22. f5 Qg8 23. Bxg8 Kxg8 24. fxg6 hxg6 25. Qxg6+ Kh8 26. Rf8# 1-0

[Event "DVM U12W 2021"]
[Site "Willingen"]
[Date "2022.08.13"]
[Round "2"]
[White "Fomenkova, Elina"]
[Black "Xiao, Karoline"]
[Result "1/2-1/2"]
[ECO "B10"]
[WhiteElo "1049"]
[BlackElo "965"]
[Annotator "NA RC COMBH"]
[PlyCount "54"]
[EventDate "2022.08.12"]
[EventType "team-tourn"]
[EventRounds "7"]
[EventCountry "GER"]
[SourceTitle "playchess.com"]
[Source "ChessBase"]
[SourceQuality "1"]
[TimeControl "40/5400+30:1800+30"]

1. e4 c6 2. Nf3 d5 3. d3 Bg4 4. Be2 e6 5. Nc3 Bd6 6. Bd2 Nd7 7. e5 Bc7 8. O-O Bxf3 9. Bxf3 Nxe5 10. d4 Ng6 11. g3 Nf6 12. Bg5 O-O 13. Bxf6 Qxf6 14. Qd3 Rae8 15. Rae1 b6 16. Bg4 c5 17. Nb5 Bb8 18. f4 a6 19. f5 exf5 20. Nc3 Qc6 21. Qxf5 cxd4 22. Qxd5 Qxd5 23. Nxd5 b5 24. Nb6 Rd8 25. Bf5 d3 26. cxd3 Ba7 27. Kh1 Bxb6 1/2-1/2

[Event "DVM U12W 2021"]
[Site "Willingen"]
[Date "2022.08.13"]
[Round "2"]
[White "Shynkar, Darya"]
[Black "Glotz, Diana"]
[Result "1-0"]
[ECO "D35"]
[WhiteElo "1001"]
[BlackElo "1116"]
[Annotator "NA RC COMBH"]
[PlyCount "93"]
[EventDate "2022.08.12"]
[EventType "team-tourn"]
[EventRounds "7"]
[EventCountry "GER"]
[SourceTitle "playchess.com"]
[Source "ChessBase"]
[SourceQuality "1"]
[TimeControl "40/5400+30:1800+30"]

1. d4 d5 2. c4 e6 3. Nc3 Nf6 4. cxd5 exd5 5. Bg5 Nbd7 6. e3 c6 7. Bd3 Qa5 8. a3 Ne4 9. Bxe4 dxe4 10. Bf4 Nf6 11. h3 Be6 12. Nge2 Nd5 13. b4 Nxc3 14. Nxc3 Qf5 15. Qc2 Bd5 16. f3 Qg6 17. fxe4 Be7 18. Nxd5 cxd5 19. Qa4+ Kf8 20. O-O dxe4 21. Rf2 Qe6 22. Raf1 Bh4 23. Rc2 b6 24. Rc7 Qe8 25. Bd6+ Kg8 26. Qxe8+ Rxe8 27. Rfxf7 Bf6 28. Rxa7 h6 29. Rfb7 Kh7 30. Rxb6 Rc8 31. Bc5 Ra8 32. Rd7 Kg6 33. b5 Rab8 34. Rxb8 Rxb8 35. a4 Bg5 36. Kf2 Kf6 37. b6 g6 38. b7 Ke6 39. Rh7 Kd5 40. Ba7 Rf8+ 41. Ke2 Bh4 42. b8=Q Rf2+ 43. Kd1 Rf1+ 44. Kc2 Rf2+ 45. Kb3 Rf6 46. Qe5+ Kc6 47. Rc7# 1-0

[Event "DVM U12W 2021"]
[Site "Willingen"]
[Date "2022.08.13"]
[Round "2"]
[White "Cao, Weiqi"]
[Black "Müller, Ariana"]
[Result "1-0"]
[ECO "E01"]
[WhiteElo "969"]
[BlackElo "975"]
[Annotator "NA RC COMBH"]
[PlyCount "111"]
[EventDate "2022.08.12"]
[EventType "team-tourn"]
[EventRounds "7"]
[EventCountry "GER"]
[SourceTitle "playchess.com"]
[Source "ChessBase"]
[SourceQuality "1"]
[TimeControl "40/5400+30:1800+30"]

1. d4 d5 2. Nf3 Nf6 3. g3 e6 4. Bg2 c5 5. O-O Nc6 6. c4 Bd7 7. b3 Be7 8. Nc3 O-O 9. Bb2 Qc7 10. Na4 b6 11. Re1 Bd6 12. Ba3 Ne4 13. e3 cxd4 14. Bxd6 Nxd6 15. cxd5 exd5 16. exd4 Bf5 17. Ne5 Nb4 18. a3 Nc2 19. Rc1 Rac8 20. Bxd5 Qd8 21. Re2 Nxd4 22. Rxc8 Nxe2+ 23. Qxe2 Qxc8 24. Nc4 Nxc4 25. Bxc4 Bh3 26. Nc3 Qc6 27. Nd5 b5 28. Ne7+ Kh8 29. Nxc6 bxc4 30. bxc4 Rc8 31. Qh5 Bd7 32. Nxa7 Rf8 33. Qd5 Bh3 34. c5 h6 35. Qh5 Be6 36. Qd1 Ra8 37. Qa4 Bd5 38. c6 Re8 39. Qa5 Be6 40. c7 Bh3 41. Qc3 Bc8 42. Nxc8 Rxc8 43. a4 Kg8 44. Qc5 f6 45. a5 Kf7 46. Qc6 Ke7 47. a6 g5 48. a7 Kf7 49. a8=Q Rxa8 50. Qxa8 Kg6 51. g4 Kf7 52. c8=R h5 53. gxh5 f5 54. Rc6 Ke7 55. Qb7+ Kd8 56. Rc8# 1-0

[Event "DVM U12W 2021"]
[Site "Willingen"]
[Date "2022.08.13"]
[Round "2"]
[White "Engeln, Helene"]
[Black "Ramien, Eva"]
[Result "1-0"]
[ECO "C54"]
[WhiteElo "956"]
[BlackElo "929"]
[Annotator "NA RC COMBH"]
[PlyCount "97"]
[EventDate "2022.08.12"]
[EventType "team-tourn"]
[EventRounds "7"]
[EventCountry "GER"]
[SourceTitle "playchess.com"]
[Source "ChessBase"]
[SourceQuality "1"]
[TimeControl "40/5400+30:1800+30"]

1. e4 e5 2. Nf3 Nc6 3. Bc4 Bc5 4. c3 Nf6 5. d4 exd4 6. cxd4 Bb4+ 7. Nc3 Nxe4 8. O-O Bxc3 9. bxc3 d5 10. Bd3 Nf6 11. Re1+ Be6 12. Ng5 O-O 13. Nxh7 Nxh7 14. Bxh7+ Kxh7 15. Qh5+ Kg8 16. Bg5 Qd6 17. Re3 Bf5 18. g4 Qg6 19. Qh4 Qh7 20. gxf5 Qxh4 21. Bxh4 f6 22. Bg3 Rac8 23. Rb1 Na5 24. Rb5 b6 25. Rxd5 Nc4 26. Re7 Rfe8 27. Rxe8+ Rxe8 28. Bxc7 Re1+ 29. Kg2 Re2 30. Rd8+ Kf7 31. d5 Ke7 32. Rg8 Rxa2 33. Rxg7+ Kf8 34. Rg3 Rd2 35. Bd8 a5 36. Bxf6 a4 37. Bg7+ Kf7 38. Bd4 a3 39. Rg7+ Ke8 40. f6 a2 41. Rg8+ Kf7 42. Rg7+ Kf8 43. Ra7 Na5 44. Ra8+ Kf7 45. Ra7+ Kg6 46. Rg7+ Kf5 47. f7 a1=Q 48. f8=Q+ Ke4 49. Qf3# 1-0

[Event "DVM U12W 2021"]
[Site "Willingen"]
[Date "2022.08.13"]
[Round "2"]
[White "Doberchak, Emily Alice"]
[Black "Greive, Greta"]
[Result "0-1"]
[ECO "C50"]
[WhiteElo "928"]
[BlackElo "1136"]
[Annotator "NA RC COMBH"]
[PlyCount "118"]
[EventDate "2022.08.12"]
[EventType "team-tourn"]
[EventRounds "7"]
[EventCountry "GER"]
[SourceTitle "playchess.com"]
[Source "ChessBase"]
[SourceQuality "1"]
[TimeControl "40/5400+30:1800+30"]

1. e4 e5 2. Nf3 Nc6 3. Bc4 Bc5 4. O-O d6 5. d3 Bg4 6. Nc3 Nd4 7. Bg5 f6 8. Be3 Nxf3+ 9. Kh1 Qd7 10. Bxc5 dxc5 11. Bb5 c6 12. Bc4 Nd4 13. Qd2 Ne7 14. Nd1 Nf3 15. Qe3 Nd4 16. Qg3 Ng6 17. Ne3 Be6 18. Bxe6 Qxe6 19. c3 Nb5 20. c4 Nd6 21. a3 Nf7 22. b4 cxb4 23. axb4 Qd7 24. b5 cxb5 25. cxb5 Qxb5 26. Rfd1 Nf4 27. Rab1 Qd7 28. Nc4 O-O 29. Rd2 b5 30. Na3 a6 31. Rbd1 Qe7 32. Nc2 Rfc8 33. Ne1 Rc7 34. Nf3 Rac8 35. Re1 Rc1 36. Rdd1 Rxd1 37. Rxd1 Qa3 38. Ne1 Rc1 39. Rxc1 Qxc1 40. f3 Ne2 41. Qf2 Nf4 42. h3 Nxd3 43. Qg1 Qxe1 44. Qxe1 Nxe1 45. Kg1 b4 46. Kf1 Nc2 47. Ke2 a5 48. Kd2 b3 49. Kc1 a4 50. Kb2 Nd6 51. Kb1 Kf8 52. g4 Ke7 53. h4 Kd7 54. h5 Kc6 55. Kb2 Nc4+ 56. Kb1 Kb5 57. Kc1 a3 58. Kb1 a2+ 59. Kc1 a1=Q# 0-1

[Event "DVM U12W 2021"]
[Site "Willingen"]
[Date "2022.08.13"]
[Round "2"]
[White "Daaboul, Dima"]
[Black "Guliyeva, Zahra"]
[Result "0-1"]
[ECO "C47"]
[WhiteElo "882"]
[BlackElo "834"]
[Annotator "NA RC COMBH"]
[PlyCount "40"]
[EventDate "2022.08.12"]
[EventType "team-tourn"]
[EventRounds "7"]
[EventCountry "GER"]
[SourceTitle "playchess.com"]
[Source "ChessBase"]
[SourceQuality "1"]
[TimeControl "40/5400+30:1800+30"]

1. e4 e5 2. Nf3 Nc6 3. d4 Nf6 4. Nc3 Ng4 5. Bc4 Bb4 6. Ng5 O-O 7. Qxg4 exd4 8. Qf5 g6 9. Qh3 h5 10. Rb1 dxc3 11. bxc3 d6 12. Qh4 Bc5 13. g4 Bxg4 14. Rg1 Ne5 15. Kf1 Qf6 16. Bd2 Nxc4 17. Nf3 Nxd2+ 18. Ke1 Nxf3+ 19. Kf1 Nxh4 20. Ke1 Qxf2# 0-1

[Event "DVM U12W 2021"]
[Site "Willingen"]
[Date "2022.08.13"]
[Round "2"]
[White "Mauhs, Helena"]
[Black "Fruth, Julia"]
[Result "0-1"]
[ECO "B50"]
[WhiteElo "857"]
[BlackElo "1037"]
[Annotator "NA RC COMBH"]
[PlyCount "78"]
[EventDate "2022.08.12"]
[EventType "team-tourn"]
[EventRounds "7"]
[EventCountry "GER"]
[SourceTitle "playchess.com"]
[Source "ChessBase"]
[SourceQuality "1"]
[TimeControl "40/5400+30:1800+30"]

1. e4 c5 2. Bc4 d6 3. Nf3 Nf6 4. Nc3 a6 5. Bb3 e6 6. d4 Nbd7 7. e5 dxe5 8. dxe5 Ng4 9. h3 Ngxe5 10. Bf4 Nc6 11. Qe2 Be7 12. O-O-O O-O 13. Qe4 Ra7 14. h4 Na5 15. Bg5 h6 16. Rd3 b5 17. Re3 c4 18. Nd4 cxb3 19. axb3 Bb7 20. Qd3 Bxg2 21. Rh2 Bxg5 22. hxg5 Qxg5 23. Kb1 Be4 24. Qxe4 Qg1+ 25. Ka2 Qxh2 26. b4 Nc4 27. Rg3 a5 28. Qg4 axb4+ 29. Kb3 g6 30. Nxe6 Nde5 31. Qf4 Qh1 32. Qf6 fxe6 33. Qxe6+ Kg7 34. Qh3 bxc3 35. Qxh1 cxb2 36. Rh3 Ra3+ 37. Kb4 Rxh3 38. Qb7+ Kh8 39. Qg2 b1=Q+ 0-1

[Event "DVM U12W 2021"]
[Site "Willingen"]
[Date "2022.08.13"]
[Round "2"]
[White "Reetz, Shaila"]
[Black "Yan, Jenny"]
[Result "0-1"]
[ECO "B30"]
[WhiteElo "837"]
[BlackElo "984"]
[Annotator "NA RC COMBH"]
[PlyCount "72"]
[EventDate "2022.08.12"]
[EventType "team-tourn"]
[EventRounds "7"]
[EventCountry "GER"]
[SourceTitle "playchess.com"]
[Source "ChessBase"]
[SourceQuality "1"]
[TimeControl "40/5400+30:1800+30"]

1. e4 c5 2. Nf3 Nc6 3. Bc4 e6 4. O-O d5 5. Bb5 Bd7 6. d3 Nf6 7. Bg5 Be7 8. Nc3 a6 9. Ba4 b5 10. Bb3 c4 11. Bxf6 Bxf6 12. dxc4 dxc4 13. Ne2 cxb3 14. axb3 Bxb2 15. Ra2 Bf6 16. Ng3 O-O 17. c4 e5 18. cxb5 axb5 19. Rxa8 Qxa8 20. Qxd7 Rd8 21. Qg4 Qa2 22. Nh5 Kf8 23. Nxf6 gxf6 24. Qh4 Qxb3 25. Qh6+ Ke7 26. Qxh7 Rd1 27. h3 Rxf1+ 28. Kxf1 Qd1+ 29. Ne1 Nd4 30. g3 Nc2 31. h4 Qxe1+ 32. Kg2 b4 33. h5 b3 34. h6 b2 35. Qg7 b1=Q 36. h7 Qh1# 0-1

[Event "DVM U12W 2021"]
[Site "Willingen"]
[Date "2022.08.13"]
[Round "2"]
[White "Blome, Antonia"]
[Black "Bykov, Sophia"]
[Result "1-0"]
[ECO "D00"]
[WhiteElo "823"]
[BlackElo "896"]
[Annotator "NA RC COMBH"]
[PlyCount "36"]
[EventDate "2022.08.12"]
[EventType "team-tourn"]
[EventRounds "7"]
[EventCountry "GER"]
[SourceTitle "playchess.com"]
[Source "ChessBase"]
[SourceQuality "1"]
[TimeControl "40/5400+30:1800+30"]

1. d4 d5 2. Bf4 Nc6 3. e3 Nf6 4. h3 e6 5. Nf3 Bb4+ 6. c3 Ba5 7. b4 Bb6 8. Ne5 O-O 9. Be2 a5 10. b5 Ne7 11. Nd2 c6 12. bxc6 bxc6 13. O-O Ba6 14. c4 Ne4 15. Nxe4 dxe4 16. Bh5 f6 17. Ng4 Bxc4 18. Re1 Nf5 1-0

[Event "DVM U12W 2021"]
[Site "Willingen"]
[Date "2022.08.13"]
[Round "2"]
[White "Borck, Elena"]
[Black "Belkina, Elisabeth"]
[Result "0-1"]
[ECO "D10"]
[WhiteElo "739"]
[BlackElo "1126"]
[Annotator "NA RC COMBH"]
[PlyCount "40"]
[EventDate "2022.08.12"]
[EventType "team-tourn"]
[EventRounds "7"]
[EventCountry "GER"]
[SourceTitle "playchess.com"]
[Source "ChessBase"]
[SourceQuality "1"]
[TimeControl "40/5400+30:1800+30"]

1. c4 c6 2. Nc3 d5 3. cxd5 cxd5 4. d4 Bf5 5. g3 e6 6. Bg2 Nc6 7. e3 Nf6 8. Nge2 Be7 9. O-O O-O 10. b3 Nb4 11. Bb2 Rc8 12. Rc1 Nd3 13. Rb1 Nxb2 14. Rxb2 Ba3 15. Rd2 Bb4 16. Qa1 Qa5 17. Rc1 Rc6 18. Rdd1 Ba3 19. Rb1 Bxb1 20. Rxb1 Rfc8 0-1

[Event "DVM U12W 2021"]
[Site "Willingen"]
[Date "2022.08.14"]
[Round "3"]
[White "Wagner, Cosima Thien-An"]
[Black "Mersmann, Jasmin"]
[Result "1-0"]
[ECO "C54"]
[WhiteElo "1301"]
[BlackElo "1232"]
[Annotator "NA RC"]
[PlyCount "69"]
[EventDate "2022.08.12"]
[EventType "team-tourn"]
[EventRounds "7"]
[EventCountry "GER"]
[SourceTitle "playchess.com"]
[Source "ChessBase"]
[SourceQuality "1"]
[TimeControl "40/5400+30:1800+30"]

1. e4 e5 2. Nf3 Nc6 3. Bc4 Bc5 4. c3 Nf6 5. d4 exd4 6. e5 Ne4 7. Bd5 f5 8. cxd4 Bb4+ 9. Nbd2 Nxd2 10. Bxd2 Bxd2+ 11. Qxd2 d6 12. Qc2 Bd7 13. e6 Qe7 14. O-O Bxe6 15. Bxe6 Kd8 16. Bxf5 Qf6 17. Rac1 g6 18. Bd3 Rc8 19. Be4 Nxd4 20. Nxd4 Qxd4 21. Bxb7 Qb6 22. Bxc8 Kxc8 23. Qc6 Qxc6 24. Rxc6 Re8 25. Rfc1 Re2 26. Rxc7+ Kd8 27. Rc8+ Ke7 28. R8c2 Re6 29. Kf1 Kf6 30. Re1 Rxe1+ 31. Kxe1 Kf5 32. Rc7 Ke4 33. Rxa7 Kd3 34. Rc7 Kd4 35. a4 1-0

[Event "DVM U12W 2021"]
[Site "Willingen"]
[Date "2022.08.14"]
[Round "3"]
[White "Goeb, Franziska"]
[Black "Müller, Cosima"]
[Result "1/2-1/2"]
[ECO "B34"]
[WhiteElo "1285"]
[BlackElo "1355"]
[Annotator "NA RC"]
[PlyCount "63"]
[EventDate "2022.08.12"]
[EventType "team-tourn"]
[EventRounds "7"]
[EventCountry "GER"]
[SourceTitle "playchess.com"]
[Source "ChessBase"]
[SourceQuality "1"]
[TimeControl "40/5400+30:1800+30"]

1. e4 c5 2. Nf3 Nc6 3. d4 cxd4 4. Nxd4 g6 5. Be3 Bg7 6. c3 Nf6 7. Nd2 O-O 8. Be2 d5 9. exd5 Nxd5 10. Nxc6 Nxe3 11. Nxd8 Nxd1 12. Rxd1 Rxd8 13. O-O Bf5 14. Nf3 Be6 15. c4 Bf5 16. b3 Bb2 17. g3 Bc2 18. Rd2 Rxd2 19. Nxd2 Rd8 20. Nf3 Rd6 21. Re1 Bf5 22. Bf1 e6 23. Nh4 Bc2 24. Re2 g5 25. Rxc2 Bd4 26. Ng2 Bc5 27. Ne3 f5 28. Bg2 b6 29. Rc1 Rd2 30. Rc2 Bxe3 31. Rxd2 Bxd2 32. Kf1 1/2-1/2